 Dungeon Crawl Stone Soup version 0.29.0-4-gdea44cf6ec (webtiles) character file.

Game seed: 12387421710465987802

85 qw the Chopper (level 4, 0/26 HPs)
             Began as a Tengu Warper on Aug 28, 2022.
             Slain by an adder (2 damage)
             ... on level 2 of the Dungeon.
             The game lasted 00:00:08 (1720 turns).

qw the Chopper (Tengu Warper)                       Turns: 1720, Time: 00:00:09

Health: 0/26       AC:  6    Str: 14    XL:     4   Next: 48%
Magic:  8/8        EV: 13    Int: 13    God:
Gold:   33         SH:  0    Dex: 13    Spells: 7/7 levels left

rFire   . . .      SeeInvis .   Y - +0 hand axe
rCold   . . .      Faith    .   (no shield)
rNeg    . . .      Spirit   .   g - +0 scale mail
rPois   .          Reflect  .   (helmet restricted)
rElec   .          Harm     .   (no cloak)
rCorr   .          Rampage  .   (no gloves)
Will    .....                   (boots unavailable)
Stlth   ..........              (no amulet)
HPRegen 0.08/turn               d - +4 ring of evasion
MPRegen 0.11/turn               (no ring)

@: no status effects
A: beak, talons 3
a: no special abilities


You were on level 2 of the Dungeon.
You visited 1 branch of the dungeon, and saw 2 of its levels.

You collected 85 gold pieces.
You spent 52 gold pieces at shops.


Innate Abilities, Weirdness & Mutations

You have a beak for a mouth.
You have claws for feet.


   Skills:
 - Level 2.0 Fighting
 + Level 5.0 Axes
 - Level 1.0 Throwing
 - Level 1.1 Armour
 - Level 2.1 Dodging
 - Level 2.0 Spellcasting
 - Level 2.4 Translocations


You had 7 spell levels left.
You didn't know any spells.
Your spell library contained the following spells:

 Spells                   Type           Power      Damage    Failure   Level
 Blink                    Tloc           14%        N/A       54%         2
 Gell's Gravitas          Tloc           7%         N/A       77%         3
 Lesser Beckoning         Tloc           7%         N/A       77%         3
 Teleport Other           Tloc           7%         N/A       77%         3
 Manifold Assault         Tloc           7%         N/A       100%        5

Inventory:

Hand Weapons
 a - a +0 whip
 Y - a +0 hand axe (weapon)
Armour
 g - a +0 scale mail (worn)
Jewellery
 d - a +4 ring of evasion (left hand)
Scrolls
 k - 3 scrolls of identify
Potions
 b - a potion of cancellation {unknown}
 c - a potion of berserk rage {unknown}
 i - a potion of brilliance {unknown}

Dungeon Overview and Level Annotations

Branches:
Dungeon (2/15)

Altars:

Shops:
D:2 ?


Message History

You hit the gnoll. Your kick misses the gnoll. You peck the gnoll.
You kill the gnoll!
The gnoll closely misses you. The gnoll hits you with a +0 spear.
You see here a +0 flail.
You hit the gnoll but do no damage. You claw the gnoll!
The gnoll is severely wounded.
The gnoll closely misses you.
You barely miss the gnoll.
The gnoll is severely wounded.
The adder bites you but does no damage. The gnoll hits you with a +0 spear.
You barely miss the gnoll. Your kick misses the gnoll. You peck the gnoll.
The gnoll is almost dead.
You hit the adder. The adder misses you. The gnoll hits you with a +0 spear.
You hit the gnoll.
You kill the gnoll!
You closely miss the adder. The adder bites you but does no damage.
The adder closely misses you.
Your Axes skill increases to level 5!
You hit the adder.
The adder is severely wounded.
The adder closely misses you.
You barely miss the adder. Your peck misses the adder.
Your punch misses the adder.
The adder is severely wounded.
The adder barely misses you. The adder bites you but does no damage.
You miss the adder.
The adder is severely wounded.
The adder barely misses you.
You hit the adder but do no damage. Your kick misses the adder.
The adder is severely wounded.
The adder bites you but does no damage.
You closely miss the adder.
The adder is severely wounded.
The adder barely misses you. The adder bites you but does no damage.
You barely miss the adder.
The adder is severely wounded.
The adder bites you.
You die...

#.. ###### ##.. #.....
####... #.<... .......
#..... ....... #.....
.....).##############.....
..!.....S.).....).).......
........)@........###.....
.......##########.# #...##
..##$.. #.##8...8# #...
#.###...## #... #.# #...##
#..g #.# #...## #... #.#
8...8 #... #.## #..#


You could see an adder.

Vanquished Creatures
  3 adders (D:2)
  3 gnolls (D:2)
  2 ball pythons (D:2)
  3 endoplasms
  A giant cockroach (D:2)
  6 goblins
  A hobgoblin (D:1)
  2 quokkas
  2 bats
  A frilled lizard (D:2)
  3 kobolds
  4 rats
31 creatures vanquished.

Notes
Turn   | Place    | Note
-------+----------+-------------------------------------------
     0 | D:1      | qw the Tengu Warper began the quest for the Orb.
     0 | D:1      | Reached XP level 1. HP: 12/12 MP: 4/4
     0 | D:1      | 0 ||| qw: Version: 0.1-a-89-g26bdef1
     0 | D:1      | 0 ||| qw: Game counter: 3203
     0 | D:1      | 0 ||| qw: Always use a shield: true
     0 | D:1      | 0 ||| qw: God list: Okawaru
     0 | D:1      | 0 ||| qw: Allow faded altars: false
     0 | D:1      | 0 ||| qw: Do Orc after D:15 true
     0 | D:1      | 0 ||| qw: Do second Lair branch before Depths: true
     0 | D:1      | 0 ||| qw: Lair rune preference: random
     0 | D:1      | 0 ||| qw: Plans: Normal
     0 | D:1      | 0 ||| PLANNING D:1-11
   302 | D:1      | Reached skill level 3 in Axes
   302 | D:1      | Reached XP level 2. HP: 8/17 MP: 6/6
   574 | D:1      | 574 ||| Stepping ~*~*~tactically~*~*~ (stealth).
   575 | D:1      | 575 ||| Stepping ~*~*~tactically~*~*~ (stealth).
  1018 | D:1      | 1018 ||| UPGRADING to +0 scale mail.
  1028 | D:1      | 1028 ||| DROPPING +0 leather armour.
  1029 | D:1      | 1029 ||| UPGRADING to +4 ring of evasion.
  1030 | D:1      | 1030 ||| READING scroll labelled XIRORAJ HAWOG.
  1034 | D:1      | 1034 ||| READING scroll labelled LUESKU SEMUEGRI.
  1035 | D:1      | 1035 ||| READING scroll labelled MOENTOFULAU.
  1036 | D:1      | 1036 ||| READING 2 scrolls labelled TEDGHU YRYUM.
  1037 | D:1      | 1037 ||| DROPPING scroll of blinking.
  1054 | D:2      | 1054 ||| Stepping ~*~*~tactically~*~*~ (hiding).
  1057 | D:2      | 1057 ||| Stepping ~*~*~tactically~*~*~ (hiding).
  1059 | D:2      | 1059 ||| Stepping ~*~*~tactically~*~*~ (hiding).
  1060 | D:2      | 1060 ||| STAIRDANCE
  1080 | D:2      | 1080 ||| STAIRDANCE
  1247 | D:2      | 1247 ||| DROPPING +0 club.
  1264 | D:2      | Found Saesoiv's Magic Scroll Emporium.
  1276 | D:2      | Reached XP level 3. HP: 21/21 MP: 7/7
  1284 | D:2      | 1284 ||| Stepping randomly (stuck).
  1285 | D:2      | 1285 ||| Stepping randomly (stuck).
  1293 | D:2      | 1293 ||| SHOPLISTING scroll of acquirement (676 gold, have
                  | 75).
  1293 | D:2      | 1293 ||| BUYING scroll of identify (26 gold).
  1293 | D:2      | Bought a scroll of identify for 26 gold pieces
  1293 | D:2      | 1293 ||| BUYING scroll of identify (26 gold).
  1293 | D:2      | Bought a scroll of identify for 26 gold pieces
  1293 | D:2      | 1293 ||| SHOPLISTING scroll of identify (26 gold, have 23).
  1391 | D:2      | Reached skill level 4 in Axes
  1415 | D:2      | 1415 ||| Stepping ~*~*~tactically~*~*~ (stealth).
  1700 | D:2      | 1700 ||| Stepping ~*~*~tactically~*~*~ (hiding).
  1702 | D:2      | 1702 ||| Stepping ~*~*~tactically~*~*~ (hiding).
  1703 | D:2      | 1703 ||| Stepping ~*~*~tactically~*~*~ (hiding).
  1706 | D:2      | Reached XP level 4. HP: 16/26 MP: 8/8
  1712 | D:2      | HP: 4/26 [gnoll/+0 spear (4)]
  1715 | D:2      | Reached skill level 5 in Axes
  1720 | D:2      | Slain by an adder

Levels and vault maps discovered:
D:1:      lemuel_arrival_river_ford, layout_loops_ring
D:2:      layout_basic, serial_corexii_hall, corexii_hall_statues_deadend,
          chequers_hall_statues_corner_a, corexii_hall_statues_x, serial_shops,
          nicolae_square_shop, ebering_ecumenical_altar_sacrificial,
          hangedman_abyss_or_decor_lesser_grid

Skill      XL: |  1  2  3  4 |
---------------+-------------+-----
Axes           | 3 4 5 |  5.0
Fighting       | |  2.0
Throwing       | |  1.0
Armour         | |  1.1
Dodging        | |  2.1
Spellcasting   | |  2.0
Translocations | |  2.4

Action                   |  1- 3 |  4- 6 || total
-------------------------+-------+-------++-------
Melee: Hand axe          |    68 |    14 ||    82
       Kick              |    12 |     2 ||    14
       Peck              |    10 |     3 ||    13
Throw: Boomerang         |     7 |       ||     7
  Use: Scroll            |     4 |       ||     4
Armor: Leather armour    |     3 |       ||     3
       Scale mail        |    19 |     6 ||    25
Dodge: Dodged            |    33 |    11 ||    44

Table legend:
 A = Non-vault XP
 B = Vault XP
 C = Vault XP percentage of total XP
 D = Non-vault monster count
 E = Vault monster count
 F = Vault count percentage of total count
                 A         B        C        D         E       F
            +---------+---------+-------+---------+---------+-------
      Total |     122 |       0 |   0.0 |      31 |       0 |   0.0
            +---------+---------+-------+---------+---------+-------
        D:1 |      22 |       0 |   0.0 |      13 |       0 |   0.0
        D:2 |     100 |       0 |   0.0 |      18 |       0 |   0.0
            +---------+---------+-------+---------+---------+-------
